 Dungeon Crawl Stone Soup version 0.18.1-8-gdd0e5ea (webtiles) character file.

51 Medar the Vexing (level 3, 0/14 HPs)
             Began as a Felid Enchanter on May 22, 2016.
             Slain by a gnoll
             ... wielding a +0 flail
              (14 damage)
             ... on level 2 of the Dungeon.
             The game lasted 00:05:33 (1982 turns).

Medar the Vexing (Felid Enchanter)                  Turns: 1982, Time: 00:05:34

Health: 0/14       AC:  1    Str:  7    XL:     3   Next: 57%
Magic:  10/16      EV: 18    Int: 17    God:
Gold:   19         SH:  0    Dex: 16    Spells: 3 memorised, 0 levels left
                                        Lives:  0   Deaths: 0

rFire  . . .     SeeInvis +       - Unarmed
rCold  . . .     Gourm    .     (armour unavailable)
rNeg   . . .     Faith    .     (shield unavailable)
rPois  .         Spirit   .     (helmet unavailable)
rElec  .         Dismiss  .     (cloak unavailable)
rCorr  .         Reflect  .     (gloves unavailable)
SustAt .         Harm     .     (boots unavailable)
MR     .....                    (no amulet)
Stlth  ++++......               c - +3 ring of strength
                                j - ring of magical power

@: very slightly contaminated, quick, not resistant to hostile enchantments,
stealthy
A: no armour, no weapons or thrown items, claws 1, fangs 3, see invisible,
carnivore 3, speed 1, shaggy fur 1, slow metabolism 1, sharp paws
a: no special abilities


You were on level 2 of the Dungeon.
You were completely stuffed.

You visited 1 branch of the dungeon, and saw 2 of its levels.

You collected 19 gold pieces.

Inventory:

Jewellery
 c - a +3 ring of strength (right paw)
 j - a ring of magical power (left paw)
Wands
 h - a wand of enslavement (16/24)
Scrolls
 d - 3 scrolls of random uselessness
 e - a scroll of remove curse {unknown}
 l - a scroll of teleportation {unknown}
 m - a scroll of noise {unknown}
Potions
 g - a potion of heal wounds {unknown}
 i - a potion of curing {unknown}
Books
 a - a book of Maledictions

   Spells                             Type                      Level
   a - Corona                         Hexes                        1
   b - Ensorcelled Hibernation        Hexes/Ice                    2
   c - Confuse                        Hexes                        3
   d - Tukima's Dance                 Hexes                        3
   e - Dazzling Spray                 Conjuration/Hexes            3
Comestibles
 b - a meat ration {@e2}
 f - a beef jerky
 k - 2 chunks of flesh
 n - a slice of pizza


   Skills:
 + Level 3.1 Dodging
 + Level 4.5 Stealth
 + Level 1.5 Unarmed Combat
 + Level 2.1 Spellcasting
 + Level 5.0 Hexes
 + Level 1.2 Ice Magic


You couldn't memorise any spells.
You knew the following spells:

 Your Spells              Type           Power        Failure   Level  Hunger
d - Ensorcelled Hibernat  Hex/Ice        ##....       10%         2    ###....
f - Confuse               Hex            ###.....     10%         3    ###....
s - Corona                Hex            ###....      2%          1    #......


Dungeon Overview and Level Annotations

Branches:
Dungeon (2/15)

Altars:
Nemelex Xobeh


Innate Abilities, Weirdness & Mutations

You cannot wear armour.
You are incapable of wielding weapons or throwing items.
You have sharp claws.
You have razor-sharp teeth.
You have supernaturally acute eyesight.
You are carnivorous and can eat meat at any time.
You cover ground quickly.
You are covered in fur (AC +1).
You have a slow metabolism.
Your sharp claws are effective at attacking unaware monsters.


Message History

Casting: Ensorcelled Hibernation
Confirm with . or Enter, or press ? or * to list all spells.
Aiming: Ensorcelled Hibernation
Press: ? - help, Shift-Dir - straight line, f/p - gnoll
Aim: a gnoll, wielding a flail (chance to defeat MR: 51%)
The gnoll resists with some effort.
A gnoll comes into view. It is wielding a halberd.
A gnoll comes into view. It is wielding a club.
Casting: Ensorcelled Hibernation
Confirm with . or Enter, or press ? or * to list all spells.
Aiming: Ensorcelled Hibernation
Press: ? - help, Shift-Dir - straight line, f/p - gnoll
Aim: a gnoll, wielding a flail (chance to defeat MR: 51%)
The gnoll looks drowsy...
The helpless gnoll fails to defend itself.
You claw the gnoll!
The gnoll is severely wounded.
The gnoll hits you with a flail!
Ouch! That really hurt!
You die...

#...).......+...#
#......####.#...#
#......# #.#####
####..## #.#
#...####.# #........#
###.####.# #.## #@#
#########..# #g#
#.%.....##.# #.#
#.......##.# #.# #
#.......##'###g###
..#......÷....#.g..##
....................#
....÷...#...........#


You could see 3 gnolls.

Vanquished Creatures
  An adder (D:2)
  An ooze (D:1)
  A dart slug (D:2)
  3 giant geckos
  2 ball pythons
  A giant cockroach (D:2)
  4 goblins
  2 hobgoblins (D:1)
  8 bats
  9 kobolds
  4 rats
36 creatures vanquished.

Notes
Turn   | Place    | Note
--------------------------------------------------------------
     0 | D:1      | Medar the Felid Enchanter began the quest for the Orb.
     0 | D:1      | Reached XP level 1. HP: 7/7 MP: 4/4
    69 | D:1      | Found a sparkling altar of Nemelex Xobeh.
   422 | D:1      | Reached XP level 2. HP: 11/11 MP: 4/6
   426 | D:1      | Learned a level 2 spell: Ensorcelled Hibernation
   839 | D:1      | Reached skill level 1 in Ice Magic
  1286 | D:2      | Reached XP level 3. HP: 14/14 MP: 7/7
  1775 | D:2      | Reached skill level 5 in Hexes
  1787 | D:2      | Learned a level 3 spell: Confuse
  1982 | D:2      | Slain by a gnoll

Skill      XL: |  1  2  3 |
---------------+----------+-----
Dodging        | 3 |  3.1
Ice Magic      | 1 |  1.2
Hexes          | 5 |  5.0
Stealth        | |  4.5
Unarmed Combat | |  1.5
Spellcasting   | |  2.1

Action                   || total
-------------------------++-------
Melee: Unarmed           ||    72
       Bite              ||     3
 Cast: Corona            ||    17
       Ensorcelled Hiber ||    20
  Use: Scroll            ||     1
 Stab: Sleeping          ||    15
  Eat: Chunk             ||    11
Armor: Skin              ||     7
Dodge: Dodged            ||    61
